 Seeded DCSS version 0.30-a0-743-gbfdf073431 (webtiles) character file.

Game seed: 5430720872467839093 (custom seed)

28 purpskrrrp the Sneak (level 2, 0/12 (15) HPs)
             Began as a Spriggan Brigand on Feb 7, 2023.
             Slain by a necrophage (5 damage)
             ... on level 2 of the Dungeon.
             The game lasted 00:01:03 (1116 turns).

purpskrrrp the Sneak (Spriggan Brigand)             Turns: 1116, Time: 00:01:03

HP:   0/12 (15)     AC:  3    Str: 13    XL:     2   Next: 96%
MP:   3/3           EV: 17    Int: 12    God:
Gold: 60            SH:  0    Dex: 16    Spells: 1/1 levels left

rFire   . . .      SeeInvis +    a - +2 dagger (drain)
rCold   . . .      Faith    .    (no shield)
rNeg    . . .      Spirit   .    b - +0 robe
rPois   .          Reflect  .    (helmet restricted)
rElec   .          Harm     .    c - +0 cloak
rCorr   .          Rampage  .    (gloves unavailable)
Will    .....                    (boots unavailable)
Stlth   +++                      (no amulet)
HPRegen 0.22/turn                n - +6 ring of strength
MPRegen 0.08/turn                (no ring)

@: heavily drained, very quick
A: very small, no large weapons, unfitting armour, see invisible, speed 3
a: no special abilities


You were on level 2 of the Dungeon.
You visited 1 branch of the dungeon, and saw 2 of its levels.

You collected 60 gold pieces.

Inventory:

Hand Weapons
 a - a +2 dagger of draining (weapon)
Missiles
 d - 9 poisoned darts
 e - 3 curare-tipped darts
Armour
 b - a +0 robe (worn)
 c - a +0 cloak (worn)
Jewellery
 n - a +6 ring of strength (left hand)
 p - a ring of protection from cold
Scrolls
 g - a scroll of torment {unknown}
 h - 3 scrolls of amnesia {unknown}
 i - a scroll of identify {unknown}
 l - a scroll of noise {unknown}
 m - a scroll of teleportation {unknown}
 o - 3 scrolls of acquirement {unknown}
Potions
 f - a potion of mutation {unknown}
 j - a potion of attraction {unknown}
 k - a potion of curing


   Skills:
 + Level 1.8 Fighting
 * Level 2.9 Short Blades
 + Level 2.3 Throwing
 + Level 1.9 Dodging
 + Level 6.1 Stealth


You had one spell level left.
You didn't know any spells.
Your spell library was empty.

Dungeon Overview and Level Annotations

Branches:
Dungeon (2/15)

Altars:


Innate Abilities, Weirdness & Mutations

You are very small and have problems with some larger weapons.
You are too small for most types of armour.
You have supernaturally acute eyesight. (SInv)
You cover ground extremely quickly. (Speed+++)


Message History

You are too injured to fight recklessly!
You are too injured to fight recklessly!
You are too injured to fight recklessly!
You are too injured to fight recklessly!
You are too injured to fight recklessly!
You are too injured to fight recklessly!
You are too injured to fight recklessly!
You are too injured to fight recklessly!
You are too injured to fight recklessly!
You are too injured to fight recklessly!
You are too injured to fight recklessly!
You are too injured to fight recklessly!
It was a potion of curing.
You feel better. The necrophage closely misses you.
You barely miss the necrophage.
The necrophage is moderately damaged.
The necrophage hits you.
You feel drained.
You hit the necrophage.
The necrophage is heavily damaged.
The necrophage hits you.
You feel drained.
You hit the necrophage.
The necrophage is severely damaged.
You hit the necrophage.
The necrophage is severely damaged.
The necrophage barely misses you.
You hit the necrophage.
The necrophage is severely damaged.
The necrophage completely misses you.
You hit the necrophage but do no damage.
The necrophage is severely damaged.
The necrophage misses you.
You hit the necrophage but do no damage.
The necrophage is severely damaged.
The necrophage hits you.
You feel drained.
You barely miss the necrophage.
The necrophage is severely damaged.
The necrophage hits you but does no damage.
You hit the necrophage.
The necrophage is almost destroyed.
The necrophage hits you.
You die...

#########
......n.#
#@# #.#
#.# #.#
#.###
#...#
###.# #.#
#.#


You could see a necrophage.

Vanquished Creatures
  2 bats
  4 endoplasms
  3 goblins
  A hobgoblin (D:1)
  4 jackals (D:1)
  4 kobolds (D:1)
  2 quokkas (D:1)
  2 ball pythons (D:1)
  A rat (D:1)
23 creatures vanquished.

Notes
Turn   | Place    | Note
-------+----------+-------------------------------------------
     0 | D:1      | purpskrrrp the Spriggan Brigand began the quest for the
                  | Orb.
     0 | D:1      | Reached XP level 1. HP: 10/10 MP: 2/2
    97 | D:1      | Reached skill level 6 in Stealth
    97 | D:1      | Reached XP level 2. HP: 9/15 MP: 3/3
  1104 | D:2      | Noticed a necrophage
  1116 | D:2      | Slain by a necrophage

Illustrated notes

Levels and vault maps discovered:
D:1:      dpeg_arrival_boxes_within_box, layout_basic
D:2:      layout_loops_ring, serial_shops, shop, nicolae_kite_square_tiling_tiny

Skill      XL: |  1 |
---------------+----+-----
Stealth        | 6 |  6.1
Fighting       | |  1.8
Short Blades   | |  2.9
Throwing       | |  2.3
Dodging        | |  1.9

Action                     || total
---------------------------++-------
  Melee: Dagger            ||    61
    Use: Scroll            ||     1
         Potion            ||     1
   Stab: Sleeping          ||    11
 Armour: Robe              ||    10
  Dodge: Dodged            ||    23

Table legend: (Time is in decaauts)
 A = Elapsed time spent in this place.
 B = Non-inter-level travel time spent in this place.
 C = Inter-level travel time spent in this place.
 D = Time resting spent in this place.
 E = Time spent auto-exploring this place.
 F = Levels seen in this place.
 G = Mean time per level.
                   A        B        C        D        E       F      G
               +--------+--------+--------+--------+--------+-----+--------+
         Total |    725 |    685 |     40 |      0 |    560 |   2 |  362.5 |
       Dungeon |    725 |    685 |     40 |      0 |    560 |   2 |  362.5 |
               +--------+--------+--------+--------+--------+-----+--------+

Top non-repeatable levels by time:
     D:1: 612 daAuts
     D:2: 113 daAuts
